 Dungeon Crawl Stone Soup version 0.27.1-3-gb3d3a73c9e (webtiles) character file.

Game seed: 11012101396138673967

2235 bnorton916 the Covert (level 9, -19/45 HPs)
             Began as a Deep Elf Conjurer on Oct 12, 2021.
             Was an Initiate of Gozag.
             Hit by a large rock thrown by a stone giant (49 damage)
             ... created by the fury of Okawaru
             ... on level 6 of the Dungeon.
             The game lasted 00:12:58 (9449 turns).

bnorton916 the Covert (Deep Elf Conjurer)           Turns: 9449, Time: 00:12:59

Health: -19/45     AC:  6    Str:  5    XL:     9   Next: 14%
Magic:  18/20      EV: 12    Int: 26    God:    Gozag
Gold:   149        SH:  0    Dex: 13    Spells: 9/20 levels left

rFire    . . .     SeeInvis .   f - +0 dagger (venom)
rCold    . . .     Faith    .   (no shield)
rNeg     . . .     Spirit   .   a - +0 robe
rPois    .         Reflect  .   (no helmet)
rElec    .         Harm     .   (no cloak)
rCorr    .         Rampage  .   (no gloves)
Will     .....                  (no boots)
Stlth    +++++.....             (no amulet)
HPRegen  0.15/turn              m - +4 ring of protection
MPRegen  0.17/turn              (no ring)

@: studying Stealth
A: no striking features
a: Renounce Religion, Potion Petition, Call Merchant, Bribe Branch


You were on level 6 of the Dungeon.
You worshipped Gozag.
Gozag was aware of your devotion.
You visited 2 branches of the dungeon, and saw 7 of its levels.

You collected 207 gold pieces.
You paid 58 gold pieces to Gozag.

Inventory:

Hand Weapons
 f - a +0 dagger of venom (weapon)
 w - a +1 whip of freezing
 y - a +5 dire flail of protection
Missiles
 g - 7 curare-tipped darts
 t - 4 throwing nets
Armour
 a - a +0 robe (worn)
Jewellery
 m - a +4 ring of protection (left hand)
Wands
 s - a wand of acid (9)
 v - a wand of charming (7)
Scrolls
 i - a scroll of silence {unknown}
 p - 2 scrolls of vulnerability
 q - a scroll of blinking
Potions
 b - a potion of degeneration {unknown}
 c - 4 potions of curing {unknown}
 d - a potion of might {unknown}
 e - a potion of haste
 j - a potion of flight {unknown}
 k - a potion of cancellation
 l - a potion of lignification
 n - a potion of ambrosia
 o - 2 potions of brilliance {unknown}
 r - a potion of berserk rage {unknown}


   Skills:
 + Level 0.0 Armour
 - Level 2.4 Dodging
 + Level 13.0 Stealth
 - Level 6.2 Spellcasting
 - Level 6.4 Conjurations
 - Level 7.0 Hexes
 - Level 5.7 Translocations


You had 9 spell levels left.
You knew the following spells:

 Your Spells              Type           Power      Damage    Failure   Level
a - Magic Dart            Conj           100%       1d8       1%          1
b - Searing Ray           Conj           82%        3d6       1%          2
c - Fulminant Prism       Conj/Hex       21%        3d13      4%          4
d - Iskenderun's Mystic   Conj/Tloc      39%        2d9       5%          4

Your spell library contained the following spells:

 Spells                   Type           Power      Damage    Failure   Level
 Dazzling Flash           Conj/Hex       86%        N/A       1%          3
 Summon Guardian Golem    Hex/Summ       26%        N/A       4%          3
 Beastly Appendage        Tmut           16%        N/A       7%          1
 Summon Small Mammal      Summ           32%        N/A       7%          1
 Wereblood                Tmut           8%         N/A       11%         2
 Call Canine Familiar     Summ           8%         N/A       21%         3
 Spider Form              Tmut/Pois      4%         N/A       21%         3


Dungeon Overview and Level Annotations

Branches:
Dungeon (6/15)             Temple (1/1) D:6

Altars:
Ashenzari
Cheibriados
Dithmenos
Elyvilon
Fedhas
Gozag
Hepliaklqana
Kikubaaqudgha
Makhleb
Nemelex Xobeh
Okawaru
Qazlal
Ru
Sif Muna
Trog
Uskayaw
Vehumet
Wu Jian
Xom
Zin
The Shining One

Shops:
D:1 :[[((   D:4 :   D:5 *[((


Message History

Press: ? - help, Shift-Dir - straight line, f/p - hound
Aim: a hound (moderately wounded, 100% to hit)
The magic dart hits the hound!
The hound is severely wounded.
Casting: Magic Dart (safe; 1% risk of failure)
Confirm with . or Enter, or press ? or * to list all spells.
Aiming: Magic Dart (safe; 1% risk of failure)
Press: ? - help, Shift-Dir - straight line, f/p - hound
Aim: a hound (severely wounded, 100% to hit)
The magic dart hits the hound.
The hound is almost dead.
Casting: Magic Dart (safe; 1% risk of failure)
Confirm with . or Enter, or press ? or * to list all spells.
Aiming: Searing Ray (safe; 1% risk of failure)
Press: ? - help, Shift-Dir - straight line, f/p - hound
Aim: a hound (almost dead, 75% to hit)
The searing ray hits the hound!
You kill the hound! (Press . to maintain the ray.)
Your Stealth skill increases to level 13!
Unknown command.
Unknown command.
Okawaru sends forces against you!
A merfolk, a merfolk javelineer and a stone giant come into view.
The merfolk javelineer is wielding a +2 spear of freezing and quivering silver javelins.
The merfolk is wielding a +0 trident and quivering silver boomerangs.
As you read the scroll of fear, it crumbles to dust.
You assume a fearsome visage.
The merfolk javelineer looks frightened!
The merfolk looks frightened!
The stone giant looks frightened!
Unknown command.
A merfolk comes into view. It is wielding a +0 trident.
The merfolk shouts!
A merfolk comes into view. It is wielding a +0 trident.
The merfolk throws a boomerang.
The boomerang hits you!
Unknown command.
The stone giant throws a large rock.
The large rock hits you!
The stone giant throws a large rock.
The large rock hits you!!!
Ouch! That really hurt!
You die...
Your body crumbles into a pile of gold.

,,,,,*#####.###.##.#.....#####.#.
****** #........#.#.....# #.#. #
##########.##..#.#.....# #.#.
###§≈##..# #.##..#.##'###### #.#.
##≈≈.§...###.m#..#.#.......# #.#.
'.........###.#..#.#.......# #.#.
##...≈≈...###C#............# #.#.
###≈≈≈≈≈#.......##.#.......# #.#.
# ##§≈###.......@........#####.#.
#########.......##)#####.......#.
.....# #........##)#############.
.....# #........#...<..........#.
.....# #........#..##............
.....##########.....#............
_..................<#............
8_.....####...#.....#...........#
_.............#.#...#...........#


You could see a stone giant.

Vanquished Creatures
  Pikel (D:5)
  Sigmund (D:3)
  Edmund (D:5)
  An ice beast (D:4)
  2 centaurs (D:6)
  An ogre (D:5)
  4 lemures
  4 scorpions
  A water moccasin skeleton (D:6)
  A wight (D:4)
  A killer bee (D:4)
  2 hounds
  A jelly (D:5)
  3 orc priests
  2 centaur zombies
  A bullfrog skeleton (D:4)
  A gnoll shaman (D:4)
  Ijyb (D:4)
  4 iguanas
  2 orc wizards
  A hound zombie (D:5)
  2 hound skeletons (D:4)
  4 gnolls (D:4)
  6 adders
  A shadow imp (D:6)
  2 white imps
  2 ufetubi (D:4)
  An adder skeleton (D:4)
  4 dart slugs
  14 orcs
  5 ball pythons
  6 bats
  10 endoplasms
  3 giant cockroaches
  7 goblins
  6 hobgoblins
  4 jackals (D:1)
  5 quokkas
  4 frilled lizards
  9 kobolds
  5 rats
136 creatures vanquished.

Vanquished Creatures (others)
  5 fulminant prisms (D:5)
  3 plants (D:1)
  7 withered plants (D:1)
15 creatures vanquished.

Grand Total: 151 creatures vanquished

Notes
Turn   | Place    | Note
-------+----------+-------------------------------------------
     0 | D:1      | bnorton916 the Deep Elf Conjurer began the quest for the
                  | Orb.
     0 | D:1      | Reached XP level 1. HP: 10/10 MP: 6/6
   188 | D:1      | Found a faded altar of an unknown god.
   266 | D:1      | Became a worshipper of Warmaster Okawaru
   266 | D:1      | Reached * piety under Okawaru
   319 | D:1      | Found Naiwoqos's Weapon Shop.
   479 | D:1      | Reached XP level 2. HP: 15/15 MP: 4/8
   791 | D:1      | Learned a level 2 spell: Searing Ray
   793 | D:1      | Reached XP level 3. HP: 19/19 MP: 4/10
   847 | D:1      | Reached skill level 5 in Conjurations
   935 | D:1      | Found Osibb's Antique Armour Shop.
  1130 | D:1      | Found Ecumoma's Armour Emporium.
  1146 | D:1      | Found Evuwumpe's Weapon Shoppe.
  1316 | D:1      | Found Teqoar Iroc's Book Shop.
  1888 | D:2      | Reached XP level 4. HP: 24/24 MP: 9/12
  2435 | D:3      | Reached skill level 5 in Spellcasting
  2636 | D:3      | Noticed Sigmund
  2644 | D:3      | Killed Sigmund
  2644 | D:3      | Reached ** piety under Okawaru
  2645 | D:3      | Reached XP level 5. HP: 28/28 MP: 5/15
  2652 | D:3      | Learned a level 4 spell: Fulminant Prism
  2657 | D:3      | Learned a level 4 spell: Iskenderun's Mystic Blast
  3050 | D:3      | Reached XP level 6. HP: 32/32 MP: 15/17
  3485 | D:4      | Reached skill level 1 in Hexes
  3528 | D:4      | Reached skill level 1 in Translocations
  3708 | D:4      | Noticed Ijyb
  3714 | D:4      | Killed Ijyb
  3746 | D:4      | Reached skill level 3 in Stealth
  4005 | D:4      | Reached skill level 4 in Stealth
  4005 | D:4      | Reached XP level 7. HP: 36/36 MP: 10/18
  4172 | D:4      | Reached *** piety under Okawaru
  4175 | D:4      | Reached skill level 5 in Stealth
  4354 | D:4      | Found Hasmoame's Book Boutique.
  4378 | D:4      | Found a stormy altar of Qazlal.
  4848 | D:5      | Entered Level 5 of the Dungeon
  4991 | D:5      | Found Fomet's Antique Weapon Emporium.
  4994 | D:5      | Found Meghiaf's General Store.
  4996 | D:5      | Found Bomenih's Antique Armour Emporium.
  4997 | D:5      | Found Uqesemn's Antique Weapon Emporium.
  5021 | D:5      | Reached skill level 6 in Stealth
  5037 | D:5      | Noticed Pikel
  5060 | D:4      | Reached skill level 5 in Hexes
  5885 | D:5      | Reached skill level 7 in Stealth
  5885 | D:5      | Reached XP level 8. HP: 37/41 MP: 14/19
  6351 | D:5      | Killed Pikel
  6352 | D:5      | Reached skill level 9 in Stealth
  6352 | D:5      | Reached skill level 5 in Translocations
  6957 | D:5      | Noticed Edmund
  6985 | D:5      | Killed Edmund
  6985 | D:5      | Reached **** piety under Okawaru
  6986 | D:5      | Reached skill level 10 in Stealth
  7552 | D:6      | Reached skill level 11 in Stealth
  8420 | D:6      | Reached skill level 12 in Stealth
  8420 | D:6      | Reached XP level 9. HP: 4/45 MP: 14/20
  8970 | D:6      | Found a sacrificial altar of Ru.
  9007 | D:6      | Found a white marble altar of Elyvilon.
  9007 | D:6      | Found a hide-covered altar of Uskayaw.
  9008 | D:6      | Found a burning altar of Makhleb.
  9143 | D:6      | Found a staircase to the Ecumenical Temple.
  9152 | Temple   | Entered the Ecumenical Temple
  9309 | Temple   | Fell from the grace of Okawaru
  9309 | Temple   | Became a worshipper of Gozag Ym Sagoz the Greedy
  9422 | D:6      | Reached skill level 13 in Stealth
  9433 | D:6      | Noticed a merfolk javelineer
  9433 | D:6      | Noticed a merfolk
  9433 | D:6      | Noticed a stone giant
  9434 | D:6      | Noticed a merfolk
  9434 | D:6      | Noticed a merfolk
  9449 | D:6      | Hit by a large rock thrown by a stone giant

Illustrated notes

Levels and vault maps discovered:
D:1:      minmay_arrival_stone_box, layout_loops_corners,
          shapermc_ecumenical_altar_flowoftime, serial_shops,
          nicolae_lakefront_shop, nicolae_shop_statue_plus,
          nicolae_shop_competitors_out_of_business, nicolae_shop_trees,
          nicolae_diamond_shop, minmay_surrounded
D:2:      layout_basic
D:3:      layout_basic, uniq_sigmund
D:4:      layout_basic, grunt_qazlal_clouds, serial_shops, shop_fountains,
          minmay_manual_mess, uniq_ijyb
D:5:      layout_rooms, minmay_shop_grid_forest, kennysheep_generic_room_2,
          uniq_pikel, uniq_edmund
D:6:      layout_basic, chequers_temple_overflow_statue_of_worship,
          minmay_temple_entry_fiery
Temple:   regret_index_temple_sphere_string

Skill      XL: |  1  2  3  4  5  6  7  8  9 |
---------------+----------------------------+-----
Spellcasting   | 4 6 |  6.2
Conjurations   | 5 6 |  6.4
Hexes          | 3 5 7 |  7.0
Translocations | 2 4 5 |  5.7
Stealth        | 4 7 12 13 | 13.0
Dodging        | |  2.4

Action                   |  1- 3 |  4- 6 |  7- 9 || total
-------------------------+-------+-------+-------++-------
Melee: Unarmed           |    30 |       |       ||    30
 Cast: Magic Dart        |    77 |    79 |    91 ||   247
       Searing Ray       |       |     8 |    35 ||    43
       Fulminant Prism   |       |       |     5 ||     5
  Use: Scroll            |       |       |    12 ||    12
Armor: Robe              |       |       |    10 ||    10
Dodge: Dodged            |     3 |    13 |    19 ||    35
